 Dungeon Crawl Stone Soup version 0.26.1-2-gb8aa6d0cf2 (webtiles) character file.

Game seed: 9946851371609225476

48 jgkjgkjgkj the Conjurer (level 3, 0/24 HPs)
             Began as a Demonspawn Conjurer on Mar 1, 2021.
             Succumbed to a goblin's poison
             ... on level 1 of the Dungeon.
             The game lasted 00:07:23 (1264 turns).

jgkjgkjgkj the Conjurer (Demonspawn Conjurer)       Turns: 1264, Time: 00:07:23

Health: 0/24       AC:  3    Str:  7    XL:     3   Next: 50%
Magic:  3/6        EV: 12    Int: 20    God:
Gold:   29         SH:  0    Dex: 11    Spells: 3/6 levels left

rFire    . . .     SeeInvis .   e - +0 dagger
rCold    . . .     Faith    .   (no shield)
rNeg     . . .     Spirit   .   a - +0 robe
rPois    .         Reflect  .   f - +0 helmet
rElec    .         Harm     .   (no cloak)
rCorr    .         Rampage  .   (no gloves)
Will     .....                  (no boots)
Stlth    ++........             (no amulet)
HPRegen  0.08/turn              (no ring)
MPRegen  0.10/turn              (no ring)

@: lethally poisoned (0 -> -10)
A: hooves 1, powered by pain 1
a: no special abilities


You were on level 1 of the Dungeon.
You visited 1 branch of the dungeon, and saw 2 of its levels.

You collected 29 gold pieces.

Inventory:

Hand Weapons
 e - a +0 dagger (weapon)
 h - a +0 hunting sling
Missiles
 c - 31 stones
 d - 30 arrows
Armour
 a - a +0 robe (worn)
 f - a +0 helmet (worn)


   Skills:
 - Level 1.7 Dodging
 + Level 2.4 Stealth
 + Level 2.4 Spellcasting
 * Level 4.7 Conjurations


You had 3 spell levels left.
You knew the following spells:

 Your Spells              Type           Power        Failure   Level
a - Magic Dart            Conj           84%          2%          1
b - Searing Ray           Conj           42%          3%          2

Your spell library contained the following spells:

 Spells                   Type           Power        Failure   Level
 Dazzling Flash           Conj/Hex       22%          17%         3
 Fulminant Prism          Conj/Hex       5%           50%         4
 Iskenderun's Mystic Bla  Conj/Tloc      11%          50%         4


Dungeon Overview and Level Annotations

Branches:
Dungeon (2/15)

Altars:


Innate Abilities, Weirdness & Mutations

You have large cloven feet.
You sometimes gain a little power by taking damage.


Message History

* * * LOW HITPOINT WARNING * * *
The goblin throws a poisoned dart.
The poisoned dart barely misses you.
You see here a poisoned dart.
The goblin throws a poisoned dart.
The poisoned dart barely misses you.
You see here a poisoned dart.
The goblin throws a poisoned dart.
The poisoned dart barely misses you.
You see here a poisoned dart.
Aiming: Magic Dart (safe; 2% risk of failure)
Press: ? - help, Q - select action, (/) - cycle Shift-Dir - straight line, f/p - hobgoblin
Aim: a hobgoblin, wielding a +0 spear and wearing a +0 ring mail (0% to evade)
Okay, then.
The goblin throws a poisoned dart.
The poisoned dart hits you!
You are lethally poisoned!
You see here a poisoned dart.
* * * LOW HITPOINT WARNING * * *
You feel sick.
You aren't carrying any potions.
You aren't carrying any scrolls.
Unknown command.
You die...

############ #.. #..........# #.#
#.########.# #.# #.# #.# #.# #.#
#.# #÷# ############ #.# #.# #.#
#..........# #.# #.# #.#
#..####.##.######.# #.# #.#
.....##.##..g.(.@># #.# #.#
#K.#.(...g..##############.####.#
#..#.##.##.## #............>....
#..#.##.##.# #.################
...g)......# #.# ###########
##...#####.# #.# #.........#
#...# #.# ###.######.#######.#
#.g.# #.# #..........# #.#
#...#####.# #.......÷.## #.#


You could see a hobgoblin and a goblin.

Vanquished Creatures
  A worker ant (D:1)
  An ooze (D:1)
  A giant cockroach (D:2)
  5 goblins (D:2)
  2 hobgoblins (D:1)
  3 kobolds
  2 bats
  2 frilled lizards
  4 rats
21 creatures vanquished.

Notes
Turn   | Place    | Note
-------+----------+-------------------------------------------
     0 | D:1      | jgkjgkjgkj the Demonspawn Conjurer began the quest for the
                  | Orb.
     0 | D:1      | Reached XP level 1. HP: 13/13 MP: 3/3
     0 | D:1      | Noticed a tentacled monstrosity
     0 | D:1      | Noticed an ice dragon
     3 | D:1      | Noticed an ice dragon
     5 | D:1      | Noticed a shadow dragon
     9 | D:1      | Noticed a shadow dragon
    11 | D:1      | Noticed an iron dragon
    13 | D:1      | Noticed an ice dragon
    15 | D:1      | Noticed a shadow dragon
    15 | D:1      | Noticed an iron dragon
    17 | D:1      | Noticed an ice dragon
    17 | D:1      | Noticed an iron dragon
    19 | D:1      | Noticed a large abomination
    19 | D:1      | Noticed a black draconian
   370 | D:1      | Gained mutation: You sometimes gain a little power by
                  | taking damage. [demonic ancestry]
   370 | D:1      | Reached XP level 2. HP: 10/19 MP: 3/5
   762 | D:1      | You fall into a shaft and drop 1 floor!
  1181 | D:1      | Learned a level 2 spell: Searing Ray
  1186 | D:1      | Gained mutation: You have large cloven feet. [demonic
                  | ancestry]
  1186 | D:1      | Reached XP level 3. HP: 12/24 MP: 0/6
  1242 | D:1      | HP: 1/24 [goblin/+0 club (5)]
  1263 | D:1      | HP: 1/24 [poisoned by a goblin]
  1264 | D:1      | Succumbed to a goblin's poison

Illustrated notes

Levels and vault maps discovered:
D:1:      shiori_arrival_whats_in_store_for_you, layout_loops_ring,
          minmay_small_reverse_x
D:2:      layout_rooms

Skill      XL: |  1 |
---------------+----+-----
Stealth        | 2 |  2.4
Dodging        | |  1.7
Spellcasting   | |  2.4
Conjurations   | |  4.7

Action                   || total
-------------------------++-------
Melee: Club              ||    12
       Dagger            ||    24
 Cast: Magic Dart        ||    33
       Searing Ray       ||     2
  Use: Scroll            ||     2
       Potion            ||     1
Armor: Robe              ||    10
Dodge: Dodged            ||    42
